 Dungeon Crawl Stone Soup version 0.19-a0-1223-gf83d13a (webtiles) character file.

556492 Raptor the Blood Saint (level 25, -1/292 HPs)
             Began as a Demonspawn Abyssal Knight on Aug 20, 2016.
             Was a High Priest of Lugonu.
             Shot with a bolt by Vashnia (17 damage)
             ... on level 1 of the Abyss on Aug 24, 2016.
             The game lasted 12:53:23 (91143 turns).

Raptor the Blood Saint (Demonspawn Abyssal Knight) Turns: 91143, Time: 12:53:23

Health: -1/292     AC: 36    Str: 17    XL:     25   Next: 21%
Magic:  40/40      EV: 11    Int: 16    God:    Lugonu [*****.]
Gold:   844        SH:  4    Dex: 16    Spells: 0 memorised, 24 levels left

rFire  + + +     SeeInvis +     z - +9 battleaxe (distort)
rCold  + . .     Gourm    .     D - +10 plate armour {rF+}
rNeg   . . .     Faith    .     (shield currently unavailable)
rPois  +         Spirit   .     (helmet unavailable)
rElec  +         Dismiss  .     S - +0 cloak {MR+}
rCorr  .         Reflect  +     y - +2 pair of gloves {Dex+3}
MR     ++...     Harm     .     o - +0 pair of boots of Cowardice {rElec Int+5 Dex-4}
Stlth  .......... Rnd*Rage +    V - +4 amulet of reflection
                                G - ring of Tauz {rPois rF+ Str+3 SInv}
                                g - ring of protection from fire

@: very slightly contaminated, hasted and slowed
A: antennae 3, rough black scales 3, berserk 1, clumsy 1, cold resistance 1,
deformed body, dopey 1, foul stench 2, icemail, robust 3, weak 1, rot immunity,
freezing cloud immunity
a: Depart the Abyss, Bend Space, Banish, Corrupt, Enter the Abyss, Renounce
Religion
0: Orb of Zot
}: 3/15 runes: decaying, serpentine, silver


You were on level 1 of the Abyss.
You worshipped Lugonu.
Lugonu was extremely pleased with you.
You were not hungry.

You visited 10 branches of the dungeon, and saw 50 of its levels.
You visited the Abyss 4 times.
You visited 1 bazaar.
You also visited: Ossuary and Bailey.

You collected 5597 gold pieces.
You spent 4753 gold pieces at shops.

Inventory:

Hand Weapons
 u - a +2 war axe of flaming
 z - a +9 battleaxe of distortion (weapon)
Missiles
 F - 5 javelins of returning (quivered)
Armour
 h - the +0 pair of boots of Duty {rPois rC+++ Regen+ Stlth-}
   (You bought it in a shop on level 3 of the Snake Pit)

   It renders you almost immune to cold.
   It protects you from poison.
   It increases your rate of regeneration.
   It makes you less stealthy.
 o - the +0 pair of boots of Cowardice (worn) {rElec Int+5 Dex-4}
   (You bought it in a shop on level 3 of the Vaults)

   It affects your intelligence (+5).
   It affects your dexterity (-4).
   It insulates you from electricity.
 y - a +2 pair of gloves of dexterity (worn)
 D - a +10 plate armour of fire resistance (worn)
 S - a +0 cloak of magic resistance (worn)
Rods
 b - a +8 iron rod (14/14)
   (You found it on level 5 of the Vaults)
Jewellery
 g - a ring of protection from fire (left hand)
 l - an uncursed ring of positive energy
 q - the ring "Feotut" {rPois rC+ Dex+3 Stlth+}
   (You acquired it on level 1 of the Vaults)

   [ring of protection from cold]

   It affects your dexterity (+3).
   It protects you from cold.
   It protects you from poison.
   It makes you more stealthy.
 C - an uncursed ring of resist corrosion
 G - the ring of Tauz (right hand) {rPois rF+ Str+3 SInv}
   (You found it on level 4 of the Vaults)

   [ring of see invisible]

   It affects your strength (+3).
   It protects you from fire.
   It protects you from poison.
   It lets you see invisible.
 K - a ring of the Octopus King {AC+1 EV+1 Str+1 Int+1 Dex+1 Stlth+}
   (You took it off a hell knight on level 3 of the Depths)

   [ring of stealth]

   It affects your AC (+1).
   It affects your evasion (+1).
   It affects your strength (+1).
   It affects your intelligence (+1).
   It affects your dexterity (+1).
   It makes you more stealthy.
 O - an uncursed amulet of harm
 V - a +4 amulet of reflection (around neck)
Wands
 d - a wand of disintegration (4/24)
 i - a wand of hasting (1/9)
 j - a wand of paralysis (9/24)
 s - a wand of enslavement (9/24)
 x - a wand of iceblast (3/15)
 W - a wand of digging (15/24)
 Y - a wand of heal wounds (0/9)
Scrolls
 A - 2 scrolls of silence
 B - 4 scrolls of fear
 H - 8 scrolls of remove curse
 J - 3 scrolls of blinking
 M - 2 scrolls of teleportation
 P - 2 scrolls of brand weapon
 R - 2 scrolls of immolation
 U - a scroll of fog
Potions
 e - a potion of might
 k - 2 potions of invisibility
 r - 7 potions of lignification
 t - 2 potions of ambrosia
 w - 2 potions of agility
 I - 4 potions of flight
 Q - a potion of brilliance
 X - a potion of resistance
Miscellaneous
 m - a phial of floods (inert)
 N - a fan of gales
Comestibles
 c - 15 bread rations
 f - 11 meat rations


   Skills:
 * Level 24.5 Fighting
 - Level 20.0 Axes
 - Level 14.0 Armour
 - Level 10.1 Dodging
   Level 4.7 Shields
 O Level 27 Invocations
 - Level 4.0 Evocations


You had 24 spell levels left.
You didn't know any spells.

Dungeon Overview and Level Annotations

Branches:
Dungeon (15/15)            Temple (1/1) D:5            Lair (6/6) D:8
  Swamp (4/4) Lair:4        Snake (4/4) Lair:4        Slime (3/5) Lair:6
    Orc (2/2) D:11            Elf (0/3) Orc:2        Vaults (5/5) D:14
  Crypt (0/3) Vaults:3     Depths (5/5) D:15            Zot (5/5) Depths:5

Altars:
Ashenzari
Cheibriados
Dithmenos
Elyvilon
Fedhas
Gozag
Hepliaklqana
Kikubaaqudgha
Makhleb
Nemelex Xobeh
Okawaru
Qazlal
Ru
Sif Muna
Trog
Uskayaw
Vehumet
Xom
Yredelemnul
Zin
The Shining One
Jiyva

Shops:
D:6 ?   Orc:1 !   Orc:2 ==![?   Snake:2 [   Snake:3 [}   Vaults:3 [   Zot:2 *

Portals:
Hell: Lair:6 Depths:1 Depths:2 Depths:3 Depths:4 Depths:5
Abyss: Depths:4
Pandemonium: Depths:3 Depths:5
Ziggurat: Depths:3
Trove: D:11 (give 18 scrolls of teleportation)

Annotations:
D:9 mmcf's ghost, novice MiGl
D:14 corrupted
Lair:1 corrupted
Swamp:4 corrupted
Snake:4 corrupted
Slime:2 Dissolution
Orc:1 corrupted
Vaults:3 corrupted
Vaults:5 corrupted
Depths:2 corrupted
Depths:5 the Enchantress
Zot:3 corrupted
Zot:5 corrupted
Abyss:1 Boris; Urug; Vashnia; Xtahua


Innate Abilities, Weirdness & Mutations

You have a pair of large antennae on your head. (SInv)
You are completely covered in rough black scales. (AC +8, Dex -3)
Your flesh is cold resistant. (rC+)
You frequently emit foul miasma when damaged in melee.
A meltable icy envelope protects you from harm. (AC +0)
You are extremely robust. (+30% HP)
You are immune to rotting.
You are immune to freezing clouds.
You tend to lose your temper in combat.
You are clumsy. (Dex -2)
Armour fits poorly on your strangely shaped body.
You are dopey. (Int -2)
You are weak. (Str -2)


Message History

You see here a bolt.
You closely miss Vashnia.
Vashnia is heavily wounded.
You hit Vashnia.
Space bends around Vashnia.
Vashnia is severely wounded.
Vashnia mumbles some strange words.
Vashnia magically shoots a bolt.
The bolt hits you!
* * * LOW HITPOINT WARNING * * *
The bolt burns you.
* * * LOW HITPOINT WARNING * * *
You hit Vashnia.
Space bends around Vashnia.
Vashnia is severely wounded.
Vashnia spits poison at you. The splash of poison hits you! You resist.
You closely miss Vashnia.
Vashnia is severely wounded.
You hit Vashnia.
Space bends around Vashnia.
Vashnia is severely wounded.
Vashnia shoots a bolt.
The bolt hits you!
You die...

# #####
#.#####.(.#
.......@§.##
......N§#..#
#....§.§§..#
#.....§§§......
.......§......
#....#. ....#..
##......###._..
##....## # ..
.... ...


You could see Vashnia.

Vanquished Creatures
  2 orbs of fire
  Margery (Depths:5)
  2 curse toes
  3 golden dragons
  Nikola (Depths:2)
  Jorgrun (Vaults:5)
  2 liches
  An electric golem (Zot:2)
  4 tentacled monstrosities
  10 Orb Guardians (Zot:5)
  An acid blob (Slime:1)
  A death cob (Zot:2)
  4 sphinxes
  An Executioner (Depths:3)
  3 tengu reavers
  6 storm dragons
  4 shadow dragons
  An azure jelly (Slime:1)
  4 fire giants
  Aizul (Snake:3)
  An iron dragon (Vaults:5)
  2 deep elf sorcerers (Vaults:5)
  16 vault wardens
  8 greater nagas
  6 frost giants
  A balrug (Depths:1)
  A cacodemon (Depths:3)
  A draconian zealot (Zot:2)
  2 deep elf elementalists (Vaults:5)
  4 spriggan defenders
  9 ironheart preservers
  18 very ugly things
  A draconian annihilator (Zot:2)
  11 stone giants
  A vampire knight (Depths:3)
  A war gargoyle (Vaults:5)
  A black draconian (Depths:5)
  An entropy weaver (Vaults:1)
  2 white draconians (Zot:2)
  4 deep elf demonologists
  2 dire elephants
  8 spark wasps
  12 ettins
  3 purple draconians
  A blizzard demon (Depths:5)
  3 deep elf death magi
  12 great orbs of eyes
  7 fire dragons
  16 ogre magi
  16 yaktaur captains
  26 vault guards
  7 rakshasas
  8 naga warriors
  13 hydras
  Harold (Abyss:1)
  A hell beast (Lair:6)
  12 ice dragons
  12 anacondas
  2 ghost crabs
  4 spriggan air magi
  9 centaur warriors
  7 deep troll earth magi
  6 alligators
  2 death knights
  11 deep troll shamans
  5 death yaks
  6 tengu warriors
  3 orc high priests (Orc:2)
  A hell hog (shapeshifter) (Vaults:2)
  4 spriggan berserkers
  2 vampire magi
  13 naga sharpshooters
  A salamander mystic (Snake:4)
  8 shock serpents
  A sun demon (Depths:1)
  A wretched star (Abyss:2)
  A shadow wraith (Vaults:2)
  5 iron trolls
  3 deep elf knights
  5 skeletal warriors
  38 deep trolls
  8 swamp dragons
  2 unseen horrors
  A spriggan druid (Swamp:1)
  35 hell knights
  2 shambling mangroves
  12 ironbrand convokers
  3 wizards
  3 giant orange brains
  9 naga ritualists
  5 flayed ghosts
  8 hill giants
  8 necromancers
  3 phantasmal warriors
  5 harpies (Vaults:5)
  6 deep elf magi
  11 orc knights
  A harpy (shapeshifter) (Vaults:4)
  A lindwurm (shapeshifter) (Depths:5)
  9 mana vipers
  5 orc sorcerers
  7 griffons
  A griffon (shapeshifter) (Depths:3)
  2 tengu skeletons
  49 ugly things
  A shadow dragon skeleton (Vaults:5)
  5 cyclopes
  A wolf spider (Vaults:2)
  6 hornets
  A manticore (shapeshifter) (Vaults:1)
  A frost giant zombie (Vaults:5)
  A moth of wrath (shapeshifter) (Depths:1)
  29 elephants
  11 salamanders
  2 shining eyes (Slime:1)
  9 moths of wrath
  3 manticores
  2 smoke demons
  A fire giant skeleton (Vaults:3)
  2 black mambas (shapeshifter)
  A frost giant skeleton (Vaults:3)
  7 guardian serpents
  18 naga magi
  A water nymph (shapeshifter) (Vaults:2)
  51 black mambas
  9 vault sentinels
  A torpor snail (Lair:6)
  16 spiny frogs
  2 gargoyles (D:15)
  3 orange demons
  5 rime drakes
  6 kobold demonologists
  54 yaktaurs
  12 komodo dragons
  3 ice devils
  6 freezing wraiths
  2 hellwings (Depths:3)
  A troll (shapeshifter) (Vaults:1)
  2 tengu conjurers (Depths:2)
  7 polar bears
  A red devil (Depths:5)
  A queen bee (shapeshifter) (Vaults:1)
  6 trolls
  A meliai (shapeshifter) (Depths:5)
  5 giant leeches
  3 raiju (Abyss:1)
  27 two-headed ogres
  3 boulder beetles
  77 slime creatures
  2 fire giant simulacra
  23 blink frogs
  9 bog bodies
  7 air elementals
  8 spriggans
  2 shadows
  A vampire (D:15)
  2 water elementals (Depths:5)
  44 yaks
  3 fire bats (Lair:2)
  2 ynoxinuls
  A wraith (D:11)
  4 golden eyes (Slime:2)
  3 large abominations (Abyss:2)
  6 basilisks
  16 hippogriffs
  A chaos spawn (Zot:5)
  5 wyverns
  3 humans (D:14)
  13 vampire mosquitoes
  2 hungry ghosts
  71 nagas
  A warg (shapeshifter) (Depths:1)
  A neqoxec (Depths:5)
  A swamp worm (shapeshifter) (Depths:5)
  24 swamp worms
  2 mottled dragons
  A soldier ant (shapeshifter) (Depths:4)
  12 insubstantial wisps
  2 small abominations (Abyss:2)
  9 wargs
  3 hell hounds
  16 water moccasins
  10 swamp drakes
  36 orc warriors
  8 porcupines
  2 sky beasts
  An ettin simulacrum (Vaults:2)
  A hell hound (shapeshifter) (Vaults:2)
  3 ice beasts
  2 black bears
  4 eyes of draining (Slime:1)
  A phantom (D:10)
  8 wasps
  64 ogres
  3 boggarts (Vaults:1)
  31 centaurs
  19 crocodiles
  A human skeleton (Vaults:4)
  2 big kobolds
  23 giant frogs
  2 elf zombies (Ossuary)
  6 scorpions
  7 killer bees (D:10)
  4 wights (D:12)
  A howler monkey (D:10)
  An electric eel (Bailey)
  13 crimson imps
  2 giant frog zombies
  3 centaur zombies
  3 human simulacra
  4 quasits
  2 jellies
  A human zombie (Ossuary)
  19 orc priests
  A giant frog skeleton (D:12)
  6 hounds
  3 centaur skeletons
  6 iguanas
  27 orc wizards
  18 worker ants
  2 big kobold zombies (Ossuary)
  15 sheep
  A hound zombie (Ossuary)
  A worker ant zombie (D:8)
  A howler monkey zombie (D:9)
  13 adders
  17 gnolls
  50 river rats
  7 shadow imps
  2 white imps
  2 ufetubi
  2 oozes
  An adder skeleton (D:6)
  4 worms
  4 dart slugs
  5 giant geckos
  82 orcs
  10 bats
  4 giant cockroaches
  12 goblins
  11 hobgoblins
  16 jackals
  28 kobolds
  5 quokkas
  2 ball pythons
  10 giant newts
  A goblin zombie (Ossuary)
  A jackal zombie (D:6)
  A kobold zombie (Ossuary)
  An orc skeleton (Abyss:2)
  2 orc zombies (Ossuary)
  3 quokka zombies
  7 rats
  2 rat zombies (Ossuary)
  9 fungi
  2 plants (Lair:3)
2028 creatures vanquished.

Vanquished Creatures (others)
  An orb of fire (Zot:5)
  2 ancient liches
  A Killer Klown (Zot:5)
  A golden dragon (Zot:5)
  The ghost of magipi the Fencer, a veteran DEBe of Trog (Depths:3)
  An electric golem (Zot:5)
  The ghost of Nattefrost the Warrior, an adept OgBe of Trog (Swamp:4)
  A lich (Vaults:5)
  Rupert (D:14)
  2 tentacled monstrosities (Vaults:5)
  9 Orb Guardians (Zot:5)
  A deep elf blademaster (Depths:2)
  An acid blob (Slime:1)
  2 death cobs
  4 sphinxes
  A thorn hunter (Swamp:2)
  A tengu reaver (Vaults:5)
  A storm dragon (Vaults:5)
  A draconian monk (Depths:5)
  2 greater nagas
  8 vault wardens
  3 frost giants
  2 ghost moths (Zot:5)
  Louise (Snake:4)
  2 iron dragons (Vaults:5)
  A ghoul (Vaults:2)
  4 orc warlords
  5 ironheart preservers
  A war gargoyle (Vaults:5)
  4 very ugly things
  A spriggan defender (Depths:5)
  5 stone giants
  2 mottled draconians
  A black draconian (Zot:2)
  A white draconian (Depths:5)
  2 deep elf annihilators
  A purple draconian (Depths:5)
  3 spark wasps
  4 ettins
  A blizzard demon (Depths:3)
  The ghost of Gruesome the Grappler, a journeyman TrHu of Cheibriados (Orc:2)
  4 fire dragons
  A deep elf high priest (Vaults:5)
  3 ogre magi
  3 great orbs of eyes
  2 rakshasas
  7 vault guards
  13 yaktaur captains
  A spriggan air mage (Depths:5)
  5 ice dragons
  6 naga warriors
  3 ghost crabs
  6 anacondas
  8 hydras
  4 centaur warriors
  An alligator (Swamp:1)
  2 deep troll earth magi (Depths:4)
  3 tengu warriors
  A hell hog (shapeshifter) (Vaults:5)
  A deep troll shaman (Depths:5)
  2 spriggan berserkers
  2 orc high priests
  4 naga sharpshooters
  4 hell knights
  2 deep elf knights (Vaults:1)
  A spriggan rider (Swamp:4)
  2 sun demons
  2 iron trolls
  A salamander mystic (Snake:3)
  A skeletal warrior (D:14)
  5 deep trolls
  A swamp dragon (shapeshifter) (Vaults:5)
  3 sea snakes (Snake:4)
  2 giant orange brains
  An infernal demonspawn (Depths:5)
  3 naga ritualists
  A giant orange brain (shapeshifter) (D:14)
  A phantasmal warrior (Vaults:5)
  2 necromancers
  2 ironbrand convokers
  4 swamp dragons
  A deep elf mage (Vaults:1)
  13 orc knights
  4 orc sorcerers
  A mana viper (Snake:3)
  9 ugly things
  The ghost of hairmachine the Carver, a novice HEBe of Trog (D:5)
  2 moths of wrath
  2 salamanders
  A hornet (Swamp:4)
  A guardian serpent (shapeshifter) (Depths:4)
  A shining eye (Slime:2)
  5 black mambas
  A guardian serpent (Snake:4)
  3 naga magi (Snake:4)
  A centaur skeleton (D:15)
  3 human skeletons (Vaults:3)
  6 vault sentinels
  A centaur zombie (D:15)
  An orange demon (Lair:5)
  5 spiny frogs
  A red devil (Lair:6)
  20 yaktaurs
  A tengu conjurer (D:15)
  2 trolls
  A polar bear (Lair:4)
  6 two-headed ogres
  A polar bear (shapeshifter) (Vaults:5)
  A boulder beetle (Vaults:5)
  An ettin zombie (Vaults:3)
  24 slime creatures
  A blink frog (Lair:6)
  A human simulacrum (Vaults:3)
  A ynoxinul (Depths:3)
  A redback (Vaults:1)
  A wraith (D:14)
  A yak (D:11)
  18 humans
  A basilisk (D:13)
  A basilisk (shapeshifter) (Vaults:5)
  The ghost of nublet the Ruffian, an amateur DrTm (D:4)
  A hippogriff (D:13)
  A vampire mosquito (Swamp:2)
  A warg (Vaults:5)
  2 insubstantial wisps (Swamp:1)
  6 nagas
  3 spatial vortices (Vaults:5)
  2 wargs (shapeshifter)
  A water moccasin (Lair:1)
  2 porcupines (Lair:1)
  A swamp drake (Swamp:4)
  9 orc warriors
  2 wasps (Swamp:4)
  2 sky beasts
  A necrophage (D:10)
  A boggart (Vaults:1)
  10 ogres
  3 wolves (Lair:1)
  7 centaurs
  A crocodile (Lair:1)
  A big kobold (Depths:5)
  A giant frog (shapeshifter) (Vaults:5)
  3 giant frogs (Lair:1)
  A scorpion (D:13)
  3 electric eels
  3 orc priests
  6 orc wizards
  4 mummies (Ossuary)
  4 gnolls (Bailey)
  14 orcs
  5 goblins (Bailey)
  7 hobgoblins (Bailey)
  A giant newt (shapeshifter) (Vaults:5)
  18 bushes
  33 fungi
  A lurking horror (Abyss:2)
  49 plants
  60 starspawn tentacles
625 creatures vanquished.

Grand Total: 2653 creatures vanquished

Notes
Turn   | Place    | Note
-------+----------+-------------------------------------------
     0 | Abyss:1  | Raptor the Demonspawn Abyssal Knight began the quest for the Orb.
     0 | Abyss:1  | Reached XP level 1. HP: 18/18 MP: 2/2
    20 | D:1      | Escaped the Abyss
   219 | D:1      | Gained mutation: You have a pair of small antennae on your head. [demonic ancestry]
   219 | D:1      | Reached XP level 2. HP: 24/24 MP: 3/3
   481 | D:1      | Gained mutation: Your flesh is cold resistant. (rC+) [demonic ancestry]
   481 | D:1      | Reached XP level 3. HP: 28/29 MP: 4/4
   675 | D:1      | Reached ** piety under Lugonu
  1772 | D:2      | Reached XP level 4. HP: 31/35 MP: 5/5
  2209 | D:3      | Found an iron altar of Okawaru.
  2767 | D:3      | Reached *** piety under Lugonu
  2870 | D:3      | Gained mutation: You are partially covered in rough black scales. (AC +2, Dex -1) [demonic ancestry]
  2870 | D:3      | Reached XP level 5. HP: 32/41 MP: 6/6
  3363 | D:4      | Reached skill level 3 in Invocations
  3515 | D:4      | Reached skill level 5 in Axes
  3645 | D:4      | Reached skill level 4 in Invocations
  3945 | D:4      | Noticed nublet's ghost (amateur DrTm)
  3947 | D:4      | Banished nublet's ghost
  3947 | D:4      | Reached XP level 6. HP: 47/47 MP: 9/9
  4019 | D:4      | Reached skill level 5 in Invocations
  4361 | D:5      | Entered Level 5 of the Dungeon
  5164 | D:5      | Noticed an ice beast
  5383 | D:5      | Noticed hairmachine's ghost (novice HEBe)
  5385 | D:5      | Banished hairmachine's ghost
  5385 | D:5      | Reached skill level 6 in Invocations
  5385 | D:5      | Gained mutation: You are mostly covered in rough black scales. (AC +5, Dex -2) [demonic ancestry]
  5385 | D:5      | Reached XP level 7. HP: 52/52 MP: 10/12
  5389 | D:5      | Found a staircase to the Ecumenical Temple.
  5431 | D:5      | Reached skill level 7 in Invocations
  5434 | Temple   | Entered the Ecumenical Temple
  5789 | D:5      | Reached skill level 8 in Invocations
  6000 | D:5      | Reached XP level 8. HP: 46/58 MP: 14/14
  6074 | D:5      | Found a burning altar of Makhleb.
  6076 | D:5      | Noticed a cacodemon
  6083 | D:5      | Noticed an orange demon
  6287 | D:5      | Reached skill level 9 in Invocations
  6374 | D:6      | Found Jexzoegg's Magic Scroll Emporium.
  6747 | D:6      | Found a deep blue altar of Sif Muna.
  6896 | D:6      | Found a bloodstained altar of Trog.
  6987 | D:6      | Bought a scroll of teleportation for 42 gold pieces
  6987 | D:6      | Bought a scroll of teleportation for 42 gold pieces
  7282 | D:7      | Reached **** piety under Lugonu
  7289 | D:7      | Found a sand-covered staircase.
  7425 | Ossuary  | Entered an ossuary
  7934 | D:7      | Gained mutation: You are completely covered in rough black scales. (AC +8, Dex -3) [demonic ancestry]
  7934 | D:7      | Reached XP level 9. HP: 61/63 MP: 15/15
  7940 | D:7      | Found Uxel's Assorted Antiques.
  8947 | D:7      | Reached skill level 5 in Fighting
  9004 | D:7      | Identified a scroll of acquirement
  9204 | D:8      | Found a glowing silver altar of Zin.
  9204 | D:8      | Found an opulent altar of Gozag.
  9228 | D:8      | Found a staircase to the Lair.
  9377 | D:8      | Got a faintly glowing rapier
  9823 | Lair:1   | Entered Level 1 of the Lair of Beasts
  9919 | Lair:1   | Noticed a spiny frog
  9920 | Lair:1   | Banished a spiny frog
  9970 | Lair:1   | Noticed a six-headed hydra
  9977 | Lair:1   | Banished a six-headed hydra
  9977 | Lair:1   | Reached skill level 10 in Invocations
 10299 | Lair:1   | Gained mutation: You have a pair of antennae on your head. [demonic ancestry]
 10299 | Lair:1   | Reached XP level 10. HP: 80/80 MP: 17/17
 10348 | Lair:1   | Corrupted Lair:1
 10348 | Lair:1   | Noticed a large abomination
 10348 | Lair:1   | Noticed an eye of devastation
 10348 | Lair:1   | Noticed a tentacled starspawn
 10350 | Lair:1   | Noticed a smoke demon
 10352 | Lair:1   | Noticed a smoke demon
 10359 | Lair:1   | Noticed a brown very ugly thing
 10376 | Lair:1   | Killed a spiny frog
 10437 | Lair:1   | Noticed an orange demon
 10846 | Lair:2   | Noticed a spiny frog
 10847 | Lair:2   | Banished a spiny frog
 10918 | Lair:2   | Noticed Urug
 10920 | Lair:2   | Banished Urug
 10997 | Lair:2   | Reached skill level 11 in Invocations
 11004 | Lair:2   | Found a dark tunnel.
 11068 | Lair:2   | Noticed a seven-headed hydra
 11072 | Lair:2   | Noticed a spiny frog
 11484 | D:9      | Found a sparkling altar of Nemelex Xobeh.
 11695 | D:9      | Noticed mmcf's ghost (novice MiGl)
 11936 | D:9      | Reached skill level 1 in Dodging
 12100 | D:10     | Entered Level 10 of the Dungeon
 12881 | D:10     | Reached skill level 10 in Axes
 13564 | D:11     | Killed an unseen horror
 13576 | D:11     | Noticed a seven-headed hydra
 13579 | D:11     | Banished a seven-headed hydra
 13579 | D:11     | Gained mutation: You have a pair of large antennae on your head. (SInv) [demonic ancestry]
 13579 | D:11     | Reached XP level 11. HP: 70/89 MP: 14/19
 13580 | D:11     | Noticed a hill giant
 14125 | D:11     | Noticed a green ugly thing
 14138 | D:11     | Noticed a centaur warrior
 14651 | Lair:2   | Banished a seven-headed hydra
 14790 | Lair:2   | Noticed a griffon
 14806 | Lair:2   | Killed a griffon
 15774 | Lair:3   | Reached skill level 10 in Fighting
 16074 | Lair:3   | Noticed Harold
 16079 | Lair:3   | Banished Harold
 16079 | Lair:3   | Reached skill level 1 in Shields
 16611 | Lair:4   | Found a staircase to the Snake Pit.
 17235 | Lair:4   | Noticed a griffon
 17431 | Lair:4   | Killed a griffon
 18177 | Lair:3   | Noticed a griffon
 18430 | Lair:2   | Noticed a six-headed hydra
 18444 | Lair:2   | Killed a six-headed hydra
 18444 | Lair:2   | Reached XP level 12. HP: 54/97 MP: 12/20
 18542 | Lair:2   | Reached skill level 5 in Dodging
 19128 | Lair:4   | Found a staircase to the Swamp.
 19884 | Lair:4   | Gained mutation: Your natural rate of healing is unusually fast. [potion of beneficial mutation]
 20533 | Lair:4   | Got a jewelled chain mail
 20534 | Lair:4   | Identified the cursed +1 chain mail of the Hall of Blades {rN+} (You found it on level 4 of the Lair of Beasts)
 21877 | Lair:4   | Reached skill level 10 in Dodging
 22345 | Lair:5   | Reached ***** piety under Lugonu
 22563 | Lair:4   | Reached skill level 12 in Invocations
 22567 | Lair:4   | Reached XP level 13. HP: 76/103 MP: 20/22
 23231 | Lair:6   | Entered Level 6 of the Lair of Beasts
 23243 | Lair:6   | Reached skill level 13 in Invocations
 24196 | Lair:6   | Found a viscous altar of Jiyva.
 24196 | Lair:6   | Found a staircase to the Slime Pits.
 25914 | Lair:5   | Reached skill level 5 in Armour
 26387 | Lair:6   | Noticed a dire elephant
 27498 | Lair:6   | Gained mutation: You are immune to rotting. [demonic ancestry]
 27498 | Lair:6   | Reached XP level 14. HP: 115/115 MP: 23/23
 28522 | Lair:6   | Noticed an azure jelly
 28749 | Lair:5   | Upgraded the game from 0.19-a0-1201-gda63bca to 0.19-a0-1206-g6bcb79c
 29269 | Lair:6   | Found a burning altar of Makhleb.
 30013 | Lair:6   | Found a gateway to Hell.
 30269 | Lair:2   | Reached skill level 1 in Evocations
 30498 | D:6      | Bought a scroll of identify for 28 gold pieces
 30498 | D:6      | Bought a scroll of acquirement for 728 gold pieces
 30737 | D:11     | Found a staircase to the Orcish Mines.
 31377 | D:11     | Found a portal to a secret trove of treasure.
 31809 | D:12     | Found a flagged portal.
 31827 | Bailey   | Entered a bailey
 31935 | Bailey   | Found an iron altar of Okawaru.
 31935 | Bailey   | Paralysed by an orc sorcerer for 3 turns
 31938 | Bailey   | Corrupted Bailey
 32399 | D:12     | Got a bloodstained shield
 32400 | D:12     | Identified the +0 shield of Dingim {-Tele Str+2 Slay+2} (You acquired it on level 12 of the Dungeon)
 33339 | Orc:1    | Entered Level 1 of the Orcish Mines
 33520 | Orc:2    | Entered Level 2 of the Orcish Mines
 33588 | Orc:2    | Noticed an orc warlord
 33616 | Orc:2    | Banished an orc warlord
 33634 | Orc:2    | Found a staircase to the Elven Halls.
 33777 | Orc:2    | Noticed an orc warlord
 33785 | Orc:2    | Banished an orc warlord
 33798 | Orc:2    | Paralysed by an orc sorcerer for 5 turns
 33854 | Orc:2    | Noticed Gruesome's ghost (journeyman TrHu)
 34193 | Orc:2    | Found a shimmering altar of Xom.
 34219 | Orc:1    | Found Luihem's Distillery.
 34224 | Orc:1    | Corrupted Orc:1
 34224 | Orc:1    | Noticed a starcursed mass
 34224 | Orc:1    | Noticed a tentacled starspawn
 34229 | Orc:1    | Noticed a red very ugly thing
 34547 | Orc:1    | Noticed a cacodemon
 34639 | Orc:2    | Found Jyofyoff's Magic Scroll Shoppe.
 34688 | Orc:2    | Bought a scroll of identify for 24 gold pieces
 34688 | Orc:2    | Bought a scroll of enchant weapon for 90 gold pieces
 34869 | Orc:1    | Noticed a cacodemon
 34906 | Orc:1    | Noticed a tentacled starspawn
 34917 | Orc:1    | Noticed a tentacled starspawn
 34919 | Orc:1    | Bought a potion of experience for 900 gold pieces
 34919 | Orc:1    | Reached XP level 15. HP: 120/120 MP: 24/24
 35560 | Orc:2    | Banished Gruesome's ghost
 35832 | Orc:2    | Found Ihotow's Armour Shoppe.
 36149 | Orc:2    | Reached XP level 16. HP: 126/127 MP: 25/25
 36292 | Orc:2    | Found Hoyn's Jewellery Shoppe.
 36299 | Orc:2    | Found Fusugg's Distillery.
 36301 | Orc:2    | Found Givir's Jewellery Boutique.
 36327 | Orc:2    | Bought a +2 ring of strength for 90 gold pieces
 37198 | D:13     | Reached skill level 15 in Axes
 37273 | D:14     | Found a gate to the Vaults.
 37273 | D:14     | Noticed Rupert
 37274 | D:14     | Corrupted D:14
 37274 | D:14     | Noticed a lich
 37274 | D:14     | Noticed a Hell Sentinel
 37274 | D:14     | Noticed a tentacled starspawn
 37274 | D:14     | Noticed a tentacled starspawn
 37282 | D:14     | Killed Rupert
 38191 | D:15     | Entered Level 15 of the Dungeon
 39653 | D:15     | Found a staircase to the Depths.
 39971 | Orc:2    | Bought the ring "Jyocoeryi" {*Drain rPois rF+ Stlth-} for 321 gold pieces
 40236 | Swamp:1  | Entered Level 1 of the Swamp
 42277 | Swamp:2  | Noticed a thorn hunter
 42470 | Swamp:2  | Banished a thorn hunter
 44359 | Orc:2    | Bought an uncursed ring of resist corrosion for 320 gold pieces
 44675 | Slime:1  | Entered Level 1 of the Pits of Slime
 44675 | Slime:1  | Noticed an acid blob
 44675 | Slime:1  | Noticed an acid blob
 44954 | Snake:1  | Entered Level 1 of the Snake Pit
 45429 | Snake:1  | Gained mutation: You are immune to freezing clouds. [demonic ancestry]
 45429 | Snake:1  | Reached XP level 17. HP: 62/133 MP: 26/26
 46338 | Snake:2  | Found a hazy altar of Hepliaklqana.
 47693 | Snake:2  | Found Sixooha's Antique Armour Emporium.
 48395 | Snake:3  | Found Gyeroly's Gadget Shoppe.
 48395 | Snake:3  | Found Otacuxt's Antique Armour Emporium.
 48398 | Snake:3  | Noticed Aizul
 48457 | Snake:3  | Killed Aizul
 50256 | Snake:4  | Entered Level 4 of the Snake Pit
 50257 | Snake:4  | Corrupted Snake:4
 50257 | Snake:4  | Noticed a bone dragon
 50301 | Snake:4  | Noticed Louise
 50336 | Snake:4  | Killed Louise
 50552 | Snake:4  | Identified the +8 large shield of the Flute {MR+ rCorr Str+4} (You found it on level 4 of the Snake Pit)
 50986 | Snake:4  | Gained mutation: You are robust. (+10% HP) [demonic ancestry]
 50986 | Snake:4  | Reached XP level 18. HP: 123/155 MP: 27/27
 51607 | Snake:4  | Noticed Vashnia
 51693 | Snake:4  | Banished Vashnia
 52038 | Snake:4  | Reached ****** piety under Lugonu
 53044 | Snake:4  | Reached skill level 15 in Fighting
 53420 | Snake:4  | Got a serpentine rune of Zot
 53955 | Slime:1  | Paralysed by a great orb of eyes for 6 turns
 54253 | Slime:1  | Gained mutation: You are clumsy. (Dex -2) [a shining eye]
 54262 | Slime:1  | Gained mutation: Your spells are a little easier to cast, but a little less powerful. [a shining eye]
 54463 | Slime:2  | Noticed Dissolution
 54698 | Slime:1  | Gained mutation: You are dopey. (Int -2) [a shining eye]
 54914 | Slime:2  | Reached skill level 14 in Invocations
 55071 | Slime:2  | Gained mutation: Your body sometimes deteriorates upon taking damage. [a shining eye]
 55579 | Vaults:1 | Entered Level 1 of the Vaults
 56117 | Vaults:1 | Reached skill level 15 in Invocations
 56193 | Vaults:1 | Got a brightly glowing dire flail
 56194 | Vaults:1 | Identified the +2 dire flail of Hyrauheo {pain, *Contam rN+++ Int+3} (You found it on level 1 of the Vaults)
 56208 | Vaults:1 | Reached XP level 19. HP: 169/172 MP: 30/30
 56914 | Vaults:1 | Reached skill level 16 in Invocations
 57049 | Vaults:1 | Got a translucent ivory ring
 57050 | Vaults:1 | Identified the ring "Feotut" {rPois rC+ Dex+3 Stlth+} (You acquired it on level 1 of the Vaults)
 57204 | Vaults:1 | Paralysed by an ogre mage for 3 turns
 57585 | Vaults:1 | Reached skill level 17 in Invocations
 58565 | Vaults:2 | Reached skill level 18 in Invocations
 59400 | Vaults:2 | Reached skill level 19 in Invocations
 60538 | Vaults:3 | Corrupted Vaults:3
 60878 | Vaults:3 | Reached skill level 20 in Invocations
 60990 | Vaults:3 | Found Kuam's Antique Armour Shop.
 61139 | Vaults:3 | Bought a pair of jewelled boots for 408 gold pieces
 61139 | Vaults:3 | Identified the cursed +0 pair of boots of Cowardice {rElec Int+5 Dex-4} (You bought it in a shop on level 3 of the Vaults)
 61148 | Vaults:3 | Found a staircase to the Crypt.
 61148 | Vaults:3 | Found a basalt altar of Yredelemnul.
 61149 | Vaults:3 | Found an ancient bone altar of Kikubaaqudgha.
 61376 | Vaults:3 | Reached XP level 20. HP: 77/180 MP: 34/34
 62020 | Vaults:3 | Reached skill level 21 in Invocations
 62894 | Vaults:4 | Reached skill level 10 in Armour
 64647 | Vaults:4 | Got a coiled granite ring
 64671 | Vaults:4 | Identified the ring of Tauz {rPois rF+ Str+3 SInv} (You found it on level 4 of the Vaults)
 65264 | Swamp:4  | Entered Level 4 of the Swamp
 66128 | Swamp:4  | Lost mutation: Your spells are a little easier to cast, but a little less powerful. [potion of cure mutation]
 66128 | Swamp:4  | Lost mutation: You are dopey. (Int -2) [potion of cure mutation]
 66128 | Swamp:4  | Lost mutation: You are clumsy. (Dex -2) [potion of cure mutation]
 66128 | Swamp:4  | Lost mutation: Your natural rate of healing is unusually fast. [potion of cure mutation]
 66128 | Swamp:4  | Lost mutation: Your body sometimes deteriorates upon taking damage. [potion of cure mutation]
 66339 | Swamp:4  | Noticed Nattefrost's ghost (adept OgBe)
 66342 | Swamp:4  | Corrupted Swamp:4
 66352 | Swamp:4  | Killed Nattefrost's ghost
 66407 | Swamp:4  | Got a decaying rune of Zot
 66823 | D:15     | Upgraded the game from 0.19-a0-1206-g6bcb79c to 0.19-a0-1210-g5c1aa26
 67037 | Orc:2    | Bought a scroll of enchant armour for 90 gold pieces
 67037 | Orc:2    | Bought a scroll of teleportation for 36 gold pieces
 67037 | Orc:2    | Bought a scroll of recharging for 114 gold pieces
 67037 | Orc:2    | Bought a scroll of teleportation for 36 gold pieces
 67200 | D:6      | Bought a scroll of recharging for 133 gold pieces
 67406 | Depths:1 | Entered Level 1 of the Depths
 68155 | Depths:1 | Gained mutation: You are very robust. (+20% HP) [demonic ancestry]
 68155 | Depths:1 | Reached XP level 21. HP: 128/204 MP: 35/35
 69400 | Depths:2 | Noticed Mara
 70190 | Depths:2 | Noticed Nikola
 70697 | Depths:2 | Cast into level 2 of the Abyss (hell knight)
 70773 | Depths:2 | Escaped the Abyss
 71041 | Depths:2 | Killed Nikola
 72406 | Depths:2 | Identified the cursed +3 hand axe of Prudence {venom, MP-9 Int+3 Dex+7} (You took it off an ogre mage on level 2 of the Depths)
 72450 | Depths:2 | Corrupted Depths:2
 73412 | Depths:3 | Noticed magipi's ghost (veteran DEBe)
 73429 | Depths:3 | Banished magipi's ghost
 73578 | Depths:3 | Got a ring of the Octopus King
 73579 | Depths:3 | Identified a ring of the Octopus King {AC+1 EV+1 Str+1 Int+1 Dex+1 Stlth+} (You took it off a hell knight on level 3 of the Depths)
 73795 | Depths:3 | Identified the +3 dagger of Anger {antimagic, Dex+9 Stlth-} (You found it on level 3 of the Depths)
 73878 | Depths:3 | Gained mutation: Potions and wands are less effective at restoring your health. [a cacodemon]
 73888 | Depths:3 | Gained mutation: You are extremely robust. (+30% HP) [demonic ancestry]
 73888 | Depths:3 | Reached XP level 22. HP: 189/244 MP: 36/36
 73927 | Depths:3 | Found a burning altar of Makhleb.
 73942 | Depths:3 | Identified the Almanac of Snow
 73978 | Depths:3 | Found a runed door.
 73980 | Depths:3 | Found a runed door.
 74002 | Depths:3 | Got a jewelled leather armour
 74013 | Depths:3 | Identified the +1 leather armour "Cynuf" {*Confuse rElec rN+ MR+++} (You found it on level 3 of the Depths)
 74541 | Depths:3 | Found a gateway to a ziggurat.
 74876 | Depths:3 | Found a one-way gate leading to the halls of Pandemonium.
 75840 | Depths:4 | Found a flickering gateway to a bazaar.
 75851 | Bazaar   | Entered a bazaar
 76085 | Bazaar   | Found Pisyss's Weapon Emporium.
 76102 | Bazaar   | Found Ydexadd's Assorted Antiques.
 76123 | Bazaar   | Found Mudom's Jewellery Emporium.
 76140 | Bazaar   | Found Zadus's General Store.
 76228 | Bazaar   | Bought a scroll of recharging for 275 gold pieces
 76228 | Bazaar   | Bought a potion of cure mutation for 725 gold pieces
 77964 | Depths:4 | Found a one-way gate to the infinite horrors of the Abyss.
 78867 | Depths:4 | Upgraded the game from 0.19-a0-1210-g5c1aa26 to 0.19-a0-1216-g363869b
 78869 | Depths:5 | Entered Level 5 of the Depths
 79318 | Depths:5 | Found a shattered altar of Ashenzari.
 79451 | Depths:5 | Noticed the Enchantress
 79981 | Depths:5 | Noticed Xtahua
 79986 | Depths:5 | Banished Xtahua
 79986 | Depths:5 | Gained mutation: A meltable icy envelope protects you from harm. (AC +0) [demonic ancestry]
 79986 | Depths:5 | Reached XP level 23. HP: 241/265 MP: 37/37
 80886 | Depths:5 | Noticed Boris
 80959 | Depths:5 | Noticed Margery
 80980 | Depths:5 | Killed Margery
 81252 | Depths:5 | Banished Boris
 81497 | Depths:5 | Found a gate to the Realm of Zot.
 82084 | Depths:4 | Voluntarily entered the Abyss.
 82170 | Abyss:1  | Killed Harold
 82470 | Depths:4 | Escaped the Abyss
 83446 | Vaults:5 | Entered Level 5 of the Vaults
 83453 | Vaults:5 | Noticed Jorgrun
 83461 | Vaults:5 | Killed Jorgrun
 83529 | Vaults:5 | Reached skill level 22 in Invocations
 83550 | Vaults:5 | Corrupted Vaults:5
 83553 | Vaults:5 | Identified the Disquisition on Moulding
 83584 | Vaults:5 | Killed an ancient lich
 84574 | Vaults:5 | Gained mutation: You may emit foul miasma when damaged in melee. [demonic ancestry]
 84574 | Vaults:5 | Reached XP level 24. HP: 160/282 MP: 38/38
 84856 | Vaults:5 | Reached skill level 23 in Invocations
 85356 | Vaults:5 | Reached skill level 24 in Invocations
 86233 | Vaults:5 | Got a silver rune of Zot
 87098 | Snake:3  | Bought a pair of twisted boots for 351 gold pieces
 87102 | Snake:3  | Identified the cursed +0 pair of boots of Duty {rPois rC+++ Regen+ Stlth-} (You bought it in a shop on level 3 of the Snake Pit)
 87892 | Depths:4 | Lost mutation: Potions and wands are less effective at restoring your health. [potion of cure mutation]
 87893 | Depths:4 | Upgraded the game from 0.19-a0-1216-g363869b to 0.19-a0-1223-gf83d13a
 88587 | Zot:1    | Entered Level 1 of the Realm of Zot
 88648 | Zot:1    | Noticed an orb of fire
 88657 | Zot:1    | Gained mutation: You are dopey. (Int -2) [an orb of fire]
 88682 | Zot:1    | Gained mutation: Armour fits poorly on your strangely shaped body. [an orb of fire]
 88682 | Zot:1    | Gained mutation: You are clumsy. (Dex -2) [an orb of fire]
 88683 | Zot:1    | Gained mutation: You are weak. (Str -2) [an orb of fire]
 88686 | Zot:1    | Gained mutation: You tend to lose your temper in combat. [an orb of fire]
 88693 | Zot:1    | Killed an orb of fire
 88944 | Zot:1    | Reached skill level 25 in Invocations
 89151 | Zot:1    | You fall through a shaft!
 89396 | Zot:2    | Found Qoytucali's Changing Room.
 89838 | Zot:4    | Reached skill level 26 in Invocations
 90336 | Zot:5    | Entered Level 5 of the Realm of Zot
 90670 | Zot:5    | Gained mutation: You frequently emit foul miasma when damaged in melee. [demonic ancestry]
 90670 | Zot:5    | Reached XP level 25. HP: 235/291 MP: 30/40
 90777 | Zot:5    | Noticed an ancient lich
 90814 | Zot:5    | Banished an ancient lich
 90869 | Zot:5    | Paralysed by the power of Zot for 2 turns
 90875 | Zot:5    | Corrupted Zot:5
 90891 | Zot:5    | Noticed an orb of fire
 90893 | Zot:5    | Noticed an orb of fire
 90902 | Zot:5    | Killed an orb of fire
 90907 | Zot:5    | Killed an orb of fire
 90907 | Zot:5    | Reached skill level 27 in Invocations
 91020 | Zot:5    | Got the Orb of Zot
 91047 | Zot:5    | Noticed an ancient lich
 91118 | Zot:3    | Corrupted Zot:3
 91124 | Zot:3    | HP: 10/292 [electric golem/bolt of lightning (13)]
 91127 | Abyss:1  | HP: 2/292 [Vashnia/bolt (20)]
 91143 | Abyss:1  | Shot with a bolt by Vashnia

Vault maps used:
D:1:      shiori_arrival_maze
D:2:      first_bread, minivault_19, minmay_misc_feat_diagonals
D:3:      okawaru_gym_becter
D:5:      makhleb_altar_promises_db, patterned_corridor
D:6:      lemuel_blue_sif_altar, serial_shops, nicolae_shop_crystal, trog_book
D:7:      serial_shops, nicolae_shop_overgrown_old_shop, enter_ossuary_4
D:8:      grunt_temple_overflow_gold_and_silver, lair_0_dummy, the_bakery
D:9:      nemelex_xobeh_ov_fountains_minmay
D:10:     minmay_flawed_box, serial_glass, glass_columns_a, glass_columns_c
D:11:     erik_orc_3, nicolae_trove_entry_crossroad, minmay_misc_feat_x
D:12:     enter_bailey_3
D:14:     david_vaults_3
D:15:     grunt_enter_depths_snipers, bh_walls_and_bars, feat_on_display
Temple:   eino_temple_rhombus
Lair:1:   grunt_megastairs_4, infiniplex_staircase_pool_2
Lair:2:   nicolae_volcano_entry_batcave, uniq_urug
Lair:3:   uniq_harold
Lair:4:   minmay_swamp_entry_worms, guppyfry_snake_entry_island,
          eino_small_chamber_without_monster, beast_lair_carwin_8
Lair:6:   evil_forest, slime_altar_1, grunt_megastairs_1
Swamp:1:  evilmike_swamp_ruin_house_3
Swamp:2:  nicolae_swamp_fairy_circle
Swamp:3:  hangedman_swamp_ruin_wall
Swamp:4:  swamp, swamp_pool3
Snake:2:  serial_shops, nicolae_shop_competitors_out_of_business, basic_altar
Snake:3:  minmay_shoptagon, uniq_aizul
Snake:4:  johnstein_snake_rune_scales, serial_bayou_shore_a, uniq_louise
Slime:2:  uniq_dissolution
Slime:3:  nicolae_slime_barrier
Orc:1:    serial_shops, shop, library_closet
Orc:2:    st_orc_elflike, basic_altar, serial_shops, shop
Vaults:1: v_misc_27, ontoclasm_vaults_fault, nicolae_vaults_circle_grid_a,
          ontoclasm_vaults_gateway, nicolae_vaults_little_squares_6,
          hangedman_vaults_variations, vaults_standard_mumra_enter_the_diamond,
          ontoclasm_vaults_spin, ontoclasm_vaults_ring_square, v_misc_22,
          vaults_dpeg_ring, v_rooms_5, ontoclasm_vaults_ligature,
          vaults_room_door_ring, serial_ice_m, nicolae_vaults_circle_grid_b
Vaults:2: hangedman_vaults_nodes, ontoclasm_vaults_eye, grunt_vaults_trifunnel,
          v_pattern_2, vaults_dpeg_doors, hangedman_vaults_cutoff,
          nicolae_vaults_sealed_display, nicolae_vaults_little_ls,
          nicolae_vaults_branching_niches, nicolae_vaults_little_squares_6,
          nicolae_vaults_gold_heap
Vaults:3: grunt_vaults_hallway_long, v_misc_28, nicolae_vaults_arrows,
          vaults_room_fancy_cross, nicolae_vaults_bisected_exclaves,
          v_alt_pattern_6, ontoclasm_vaults_twist, ontoclasm_vaults_idyll,
          nicolae_vaults_angled_halls, nicolae_vaults_asterisk,
          minmay_crypt_entry_necro_gods, serial_shops, nicolae_shop_behind_doors
Vaults:4: vaults_room_hallway, hangedman_vaults_snaps, v_misc_15,
          ontoclasm_vaults_idyll, v_misc_25, hangedman_vaults_river_flow,
          nicolae_vaults_border_crossing, hangedman_vaults_corner,
          vaults_room_hangedman_quadrants, nicolae_vaults_bisected_inception,
          grunt_vaults_twisty, nicolae_vaults_asterisk,
          hangedman_vaults_stretched_pinwheel
Vaults:5: serial_shops, uniq_jorgrun
Depths:1: lightli_too_deep, statue_in_the_mist_lemuel, lemuel_flamethrower_3,
          serial_bayou_shore_b, grunt_megastairs_5
Depths:2: evilmike_iron_armoury, minmay_misc_feat_four_crosses, hell_entry,
          hangedman_decor_growths, minmay_staircase_bubble, uniq_mara,
          uniq_nikola
Depths:3: evilmike_makhleb_hellhole, enter_ziggurat_f, rand_demon_pan_entry_4,
          pf_dread_powers_of_hell, roderic_lattice_a, grunt_ministairs_6,
          infiniplex_staircase_zigzag_3
Depths:4: minmay_quarter_circles, hangedman_abyss_or_decor_slice,
          abyss_entry_crystal, serial_shops, bzr_entry_customers, hell_entry,
          minmay_misc_feat_secret_circle, lemuel_old_faithful,
          infiniplex_staircase_squiggle
Depths:5: evilmike_zot_entry_basic, nicolae_ashenzari_panopticon,
          pf_coc_iceberg, grunt_pan_entry_zigzag, marbit_kobold_abyss_entry,
          uniq_boris, uniq_enchantress, uniq_xtahua, uniq_margery
Zot:1:    grunt_zot_stairs_overgrown, grunt_megastairs_3
Zot:2:    bh_zot_lava_cross, nicolae_transmutations_shop
Zot:3:    lemuel_elevator
Abyss:1:  lemuel_flamethrower_2, evilmike_abyss_exit_plants
Abyss:2:  minivault_11
Abyss:3:  grunt_abyss_rune_forest_and_sorcery
Bazaar:   bazaar_long_row
Ossuary:  ossuary_minmay_tomb_2a
Bailey:   bailey_axe_of_yendor_kennysheep, bailey

Skill      XL: |  1  2  3  4  5  6  7  8  9 10 11 12 13 14 15 16 17 18 19 20 21 22 23 24 25 |
---------------+----------------------------------------------------------------------------+-----
Axes           | 2 3 4 5 6 9 11 12 14 17 20 | 20.0
Invocations    | 4 6 8 9 10 11 12 13 15 20 21 22 26 27 | 27.0
Fighting       | 8 9 10 12 15 19 22 24 | 24.5
Dodging        | 1 4 10 | 10.1
Shields        | 4 |  4.7
Armour         | 7 9 14 | 14.0
Evocations     | 4 |  4.0

Action                   |  1- 3 |  4- 6 |  7- 9 | 10-12 | 13-15 | 16-18 | 19-21 | 22-24 | 25-27 || total
-------------------------+-------+-------+-------+-------+-------+-------+-------+-------+-------++-------
Melee: Hand axe          |   135 |   258 |   567 |  1731 |  1777 |       |       |       |       ||  4468
       Dagger            |       |       |       |     7 |    77 |       |       |       |       ||    84
       Battleaxe         |       |       |       |       |   480 |  2143 |  2156 |  1908 |    86 ||  6773
       War axe           |       |       |       |       |   137 |       |    63 |     5 |       ||   205
Throw: Stone             |     1 |       |     2 |       |       |       |       |       |       ||     3
Invok: Bend Space        |     1 |     2 |     7 |    26 |    22 |    20 |    18 |     9 |     6 ||   111
       Banish            |       |     1 |     8 |    15 |    21 |    26 |    11 |     1 |       ||    83
       Corrupt           |       |       |       |     1 |     2 |     2 |     3 |     1 |     2 ||    11
       Depart the Abyss  |       |       |       |       |       |       |       |     1 |       ||     1
       Enter the Abyss   |       |       |       |       |       |       |       |       |     1 ||     1
Evoke: Wand              |       |       |       |     1 |     5 |    16 |     6 |    16 |     8 ||    52
       Phial of floods   |       |       |       |       |       |       |       |     1 |     1 ||     2
  Use: Scroll            |     6 |    10 |    12 |     8 |    15 |    36 |    25 |    21 |     5 ||   138
       Potion            |       |       |     3 |    15 |    12 |     2 |     2 |    12 |     9 ||    55
 Stab: Distracted        |       |       |       |       |     1 |     2 |     1 |     3 |       ||     7
       Confused          |       |       |       |       |       |     3 |       |       |       ||     3
       Paralysed         |       |       |       |       |       |       |       |       |     1 ||     1
  Eat: Chunk             |     1 |     4 |     7 |    21 |    35 |    23 |    45 |    27 |       ||   163
       Bread ration      |     1 |       |       |     4 |     3 |     6 |       |     1 |     1 ||    16
       Fruit             |       |     3 |       |     1 |     5 |    10 |     6 |     9 |       ||    34
       Meat ration       |       |     1 |     2 |       |     1 |     3 |     1 |     3 |       ||    11
       Beef jerky        |       |       |     1 |     2 |     3 |     1 |     5 |     1 |       ||    13
       Pizza             |       |       |     1 |     2 |       |     1 |     1 |     2 |       ||     7
       Royal jelly       |       |       |       |     1 |       |       |       |       |     1 ||     2
Armor: Ring mail         |    49 |    82 |       |       |       |       |       |       |       ||   131
       Chain mail        |       |    17 |   396 |  1012 |  1149 |   763 |       |       |       ||  3337
       Plate armour      |       |       |       |       |       |   410 |  1091 |  1040 |   118 ||  2659
Dodge: Dodged            |    54 |   108 |   145 |   450 |   841 |   899 |   726 |   751 |    67 ||  4041
Block: Buckler           |       |     8 |    65 |   390 |   747 |       |       |       |       ||  1210
       Reflection        |       |       |       |     3 |     9 |    37 |    32 |    26 |       ||   107
       Other             |       |       |       |       |    68 |   260 |   240 |   211 |    30 ||   809
